[Event "Team 45 45 League T59"]
[Site "Internet Chess Club"]
[Date "2013.11.28"]
[Round "2"]
[White "QuieroAprender"]
[Black "DouDou"]
[Result "1/2-1/2"]
[WhiteElo "1691"]
[BlackElo "1868"]
[Opening "Two knights defense (Modern bishop's opening)"]
[ECO "C55"]
[Time "11:31:38"]
[TimeControl "2700+45"]

1. e4 e5 2. Nf3 Nc6 3. Bc4 Nf6 4. d3 Be7 5. O-O d6 6. h3 O-O 7. c3 Na5 8. Bb5 a6
9. Ba4 b5 10. Bc2 c5 11. b4 cxb4 12. cxb4 Nc6 13. a3 h6 14. Bb2 Be6 15. Qe2 Rc8
16. Rc1 Qb6 17. Qe3 Qxe3 18. fxe3 Rc7 19. Nbd2 Rfc8 20. Bb3 Nd8 21. Rxc7 Rxc7
22. Rc1 Rxc1+ 23. Bxc1 Kf8 24. Bxe6 Nxe6 25. Nb3 Bd8 26. Kf2 Bb6 27. Ke2 Ke7 28.
Bb2 g5 29. g4 Kd7 30. Nh2 h5 31. Kf3 h4 32. Nf1 Ne8 33. Nfd2 N8c7 34. d4 exd4
35. Nxd4 d5 36. N2b3 Nxd4+ 37. Bxd4 Bxd4 38. exd4 Kd6 39. e5+ Ke7 40. Ke3 f6 41.
Nc5 Kf7 42. exf6 Kxf6 43. Kf3 Ne6 44. Nxe6 Kxe6 45. Ke3 Kd6 46. Kd3 Kc6 47. Kc3
Kb6 48. Kb3 a5 49. a4 Ka6 50. Ka3 Kb6 51. Kb3 Ka6 52. Ka3 bxa4 53. Kxa4 axb4 54.
Kxb4 Kb6 55. Ka4 Ka6 56. Kb4 Kb6 57. Ka4 Ka6 58. Kb4 Kb6 59. Ka4 Ka6 60. Kb4 Kb6
61. Ka4 {Game drawn by repetition} 1/2-1/2

[Event "Team 45 45 League T59"]
[Site "Internet Chess Club"]
[Date "2013.12.02"]
[Round "2"]
[White "ilovechess"]
[Black "Andressa"]
[Result "0-1"]
[WhiteElo "1490"]
[BlackElo "1478"]
[Opening "Ruy Lopez: old Steinitz defense"]
[ECO "C62"]
[Time "18:02:06"]
[TimeControl "2700+45"]

1. e4 e5 2. Nf3 Nc6 3. Bb5 d6 4. d4 a6 5. Bxc6+ bxc6 6. dxe5 Bg4 7. exd6 cxd6 8.
h3 Be6 9. O-O Nf6 10. Nc3 Be7 11. Be3 h6 12. e5 Nd5 13. Nxd5 Bxd5 14. exd6 Qxd6
15. Re1 O-O 16. Qd2 Qg6 17. Kh1 Bf6 18. c3 Rfd8 19. Qe2 Be4 20. Bd4 Bxd4 21.
Qxe4 Qxe4 22. Rxe4 Bxf2 23. Re2 Bg3 24. Rf1 Rd5 25. Nd4 Rc8 26. Re3 Bd6 27. Ref3
f6 28. Re1 Kf7 29. Rfe3 Be5 30. Nb3 Rcd8 31. Kg1 a5 32. Nxa5 Rxa5 33. a3 Rd2 34.
R3e2 Rxe2 35. Rxe2 Rd5 36. Kf2 Kg6 37. Kf3 Kf5 38. g4+ Kg5 39. Ke3 Kh4 40. Re1
Kxh3 41. Kf3 Kh4 42. Rh1+ Kg5 43. Rh5+ Kg6 44. Ke4 Rb5 45. Rh1 Rxb2 46. g5 hxg5
47. c4 Ra2 48. Rh3 Bd6 49. Kd4 Rxa3 50. Rxa3 Bxa3 51. Kc3 g4 52. Kd3 g3 53. Ke3
Bd6 54. Kf3 Kf5 55. c5 Bxc5 56. Kxg3 g5 57. Kh2 g4 58. Kh1 Kf4 59. Kg2 g3 60.
Kh1 Kg4 61. Kg2 f5 62. Kh1 f4 63. Kg2 Be3 64. Kh1 c5 65. Kg2 c4 66. Kf1 c3 67.
Ke2 c2 68. Kd3 c1=Q 69. Ke4 g2 70. Kd5 g1=Q 71. Kd6 Qgd1+ 72. Ke5 Qc5+ 73. Ke6
Qdd6+ 74. Kf7 Qcc7+ 75. Ke8 Qdd8# {White checkmated} 0-1

[Event "Team 45 45 League T59"]
[Site "Internet Chess Club"]
[Date "2013.12.01"]
[Round "2"]
[White "AVEMARIA"]
[Black "PJ"]
[Result "1/2-1/2"]
[WhiteElo "1681"]
[BlackElo "1631"]
[Opening "Two knights defense (Modern bishop's opening)"]
[ECO "C55"]
[Time "14:02:36"]
[TimeControl "2700+45"]

1. e4 e5 2. Nf3 Nc6 3. Bc4 Nf6 4. d3 Be7 5. O-O d6 6. c3 Na5 7. Bb5+ Bd7 8. Ba4
Bxa4 9. Qxa4+ Nc6 10. Nbd2 O-O 11. Re1 Qd7 12. Nf1 Nd4 13. Qd1 Nxf3+ 14. Qxf3
Qg4 15. Qxg4 Nxg4 16. h3 Nf6 17. Ne3 Rfe8 18. Nd5 Rac8 19. Nxe7+ Rxe7 20. Bg5
Re6 21. Bxf6 Rxf6 22. d4 Re6 23. Rac1 g6 24. d5 Re7 25. c4 f5 26. c5 Rd8 27. f3
Kf7 28. Re2 fxe4 29. fxe4 Ke8 30. Rec2 Rf7 31. cxd6 cxd6 32. Rc7 Rxc7 33. Rxc7
Rd7 34. Rc8+ Rd8 35. Rc7 Rd7 36. Rc8+ Rd8 37. Rc7 {Game drawn by repetition}
1/2-1/2

[Event "Team 45 45 League T59"]
[Site "Internet Chess Club"]
[Date "2013.11.28"]
[Round "2"]
[White "oldway"]
[Black "Egmont"]
[Result "1/2-1/2"]
[WhiteElo "1779"]
[BlackElo "1781"]
[Opening "Sicilian: Alapin's variation (2.c3)"]
[ECO "B22"]
[Time "12:00:07"]
[TimeControl "2700+45"]

1. e4 c5 2. c3 d5 3. exd5 Qxd5 4. d4 Nf6 5. Nf3 Bg4 6. Be2 e6 7. h3 Bh5 8. Be3
cxd4 9. cxd4 Bb4+ 10. Nc3 O-O 11. O-O Qa5 12. Rc1 Bxc3 13. bxc3 Qxa2 14. Ra1 Qd5
15. c4 Qd7 16. Ne5 Bxe2 17. Nxd7 Bxd1 18. Nxf6+ gxf6 19. Rfxd1 Rc8 20. d5 Rxc4
21. Rxa7 Rxa7 22. Bxa7 Rc8 23. dxe6 fxe6 24. Rb1 Nc6 25. Rxb7 Nxa7 26. Rxa7
{Game drawn by mutual agreement} 1/2-1/2

[Event "Team 45 45 League T59"]
[Site "Internet Chess Club"]
[Date "2013.12.02"]
[Round "2"]
[White "Kingofknights"]
[Black "rom1"]
[Result "1-0"]
[WhiteElo "1807"]
[BlackElo "1590"]
[Opening "Grünfeld: 5.e3"]
[ECO "D94"]
[Time "13:01:50"]
[TimeControl "2700+45"]

1. d4 Nf6 2. c4 g6 3. Nc3 d5 4. e3 Bg7 5. Nf3 O-O 6. c5 Bg4 7. h3 Bd7 8. b4 a6
9. Bb2 b5 10. cxb6 cxb6 11. Qb3 Nc6 12. Nxd5 Nxd5 13. Qxd5 Nxb4 14. Qb3 a5 15.
a3 Be6 16. Qd1 Nd5 17. Bd3 Rc8 18. O-O Nc3 19. Qd2 Na4 20. Rab1 Qd5 21. Ba1 Qa2
22. Qxa2 Bxa2 23. Rbc1 Bd5 24. Nd2 Rfd8 25. Bb5 Nc5 26. dxc5 Bxa1 27. Rxa1 Rxc5
28. Be2 Rc2 29. Rfd1 Bc6 30. Bf3 Ba4 31. Ne4 Rxd1+ 32. Rxd1 Ra2 33. Rb1 Rxa3 34.
Rxb6 Ra1+ 35. Kh2 Bc2 36. Rb7 Kf8 37. Ra7 a4 38. Nc3 e6 39. Be2 a3 40. Bc4 Rf1
41. Kg3 Ra1 42. Ba2 {Black resigns} 1-0

[Event "Team 45 45 League T59"]
[Site "Internet Chess Club"]
[Date "2013.11.28"]
[Round "2"]
[White "SATELLITE-DAN"]
[Black "whiskeytown"]
[Result "1/2-1/2"]
[WhiteElo "1503"]
[BlackElo "1616"]
[Opening "King's Indian: Four pawns attack"]
[ECO "E76"]
[Time "03:01:02"]
[TimeControl "2700+45"]

1. d4 Nf6 2. c4 g6 3. Nc3 Bg7 4. e4 d6 5. f4 O-O 6. Nf3 Na6 7. Be2 c5 8. d5 Bg4
9. O-O Qd7 10. Rb1 Nc7 11. e5 Bxf3 12. Bxf3 Nfe8 13. Bg4 Qd8 14. Qe2 f5 15. exf6
Nxf6 16. f5 Nxg4 17. Qxg4 Qd7 18. Qe2 Rxf5 19. Rxf5 Qxf5 20. Be3 Bxc3 21. Rf1
Qe5 22. bxc3 Rf8 23. Rxf8+ Kxf8 24. Bh6+ Kg8 25. Qf2 Qf6 26. Qb2 b6 27. Qd2 e6
28. dxe6 Qxe6 29. Qf2 Qf7 30. Qh4 Ne6 31. Qe4 Qe8 32. Qd5 Kf7 {Game drawn by
mutual agreement} 1/2-1/2

[Event "Team 45 45 League T59"]
[Site "Internet Chess Club"]
[Date "2013.12.01"]
[Round "2"]
[White "Stiltzkin"]
[Black "nidusin2"]
[Result "0-1"]
[WhiteElo "1626"]
[BlackElo "1619"]
[Opening "Queen's Indian: 4.g3 Bb7"]
[ECO "E15"]
[Time "08:00:25"]
[TimeControl "2700+45"]

1. d4 Nf6 2. c4 e6 3. Nf3 b6 4. g3 Bb7 5. Bg2 d5 6. Ne5 Nbd7 7. Nc3 Bb4 8. O-O
O-O 9. Bg5 Be7 10. cxd5 exd5 11. Qa4 Nxe5 12. dxe5 Ne8 13. Bxe7 Qxe7 14. Nxd5
Qxe5 15. Ne7+ Qxe7 16. Bxb7 Rd8 17. Bf3 c5 18. Rfd1 Nd6 19. Rd5 Nc8 20. Rad1
Rxd5 21. Rxd5 Rd8 22. Qa6 Rxd5 23. Bxd5 Nd6 24. e4 g6 25. Qd3 Qe5 26. b3 Kg7 27.
a4 Qd4 28. Qxd4+ cxd4 29. f4 f6 30. Kf2 f5 31. Kf3 fxe4+ 32. Bxe4 Kf6 33. Bd5 h6
34. h4 a5 35. g4 g5 36. h5 b5 37. axb5 Nxb5 38. f5 Ke5 39. Bc4 Nc3 40. Kf2 Kf4
41. Ke1 Ne4 42. Be2 Ke3 43. Kd1 d3 44. Bf1 Nf2+ 45. Kc1 Nxg4 46. Bxd3 Kxd3 47.
Kb2 Nf6 48. Ka3 g4 49. Ka4 g3 50. Kxa5 g2 51. b4 g1=Q 52. b5 Qa7+ 53. Kb4 Ke4
54. Kc4 {White resigns} 0-1

[Event "Team 45 45 League T59"]
[Site "Internet Chess Club"]
[Date "2013.11.30"]
[Round "2"]
[White "Ajolote"]
[Black "DaveTheRook"]
[Result "1/2-1/2"]
[WhiteElo "1576"]
[BlackElo "1669"]
[Opening "Robatsch (modern) defense"]
[ECO "B06"]
[Time "12:00:42"]
[TimeControl "2700+45"]

1. e4 g6 2. d4 d6 3. Nf3 Bg7 4. Bf4 Nd7 5. Nc3 c6 6. Qd2 Ngf6 7. Be2 O-O 8. O-O
Nh5 9. Bh6 Qa5 10. Bxg7 Kxg7 11. d5 c5 12. Qe3 a6 13. Rfd1 Qc7 14. a3 b5 15. b3
Bb7 16. Na2 {Game drawn by mutual agreement} 1/2-1/2

[Event "Team 45 45 League T59"]
[Site "Internet Chess Club"]
[Date "2013.12.02"]
[Round "2"]
[White "pokerram"]
[Black "calily"]
[Result "1/2-1/2"]
[WhiteElo "1671"]
[BlackElo "1691"]
[Opening "Caro-Kann: classical, Spassky variation"]
[ECO "B19"]
[Time "04:06:30"]
[TimeControl "2700+45"]

1. e4 c6 2. d4 d5 3. Nc3 dxe4 4. Nxe4 Bf5 5. Ng3 Bg6 6. h4 h6 7. Nf3 Nd7 8. h5
Bh7 9. Bd3 Bxd3 10. Qxd3 e6 11. Bf4 Qa5+ 12. Bd2 Qc7 13. O-O-O Ngf6 14. Ne4 Nxe4
15. Qxe4 Nf6 16. Qe2 Bd6 17. g3 O-O-O 18. c4 c5 19. Bc3 cxd4 20. Bxd4 Qa5 21.
Bxf6 gxf6 22. Kb1 Bc5 23. Nd2 Bb4 24. Nb3 Qb6 25. Rc1 Kb8 26. Qf3 f5 27. c5 Qc7
28. a3 Bd2 29. Nxd2 Rxd2 30. c6 Rhd8 31. cxb7 Qxb7 32. Qxb7+ Kxb7 33. Rc2 Kb6
34. Rhc1 R8d6 35. b3 Rxc2 36. Kxc2 Rd5 37. f3 f4 38. g4 Rc5+ 39. Kd2 Re5 40. Re1
Rxe1 41. Kxe1 f6 42. Kd2 e5 43. Kd3 a5 44. Ke4 Kc5 45. b4+ axb4 46. axb4+ Kxb4
47. Kf5 Kc5 48. Kxf6 e4 49. g5 exf3 50. g6 f2 51. g7 f1=Q 52. g8=Q Qa1+ 53. Kf5
f3 54. Qc8+ Kd6 55. Qe6+ Kc7 56. Qc4+ Kd7 57. Qd5+ Ke7 58. Qe6+ Kd8 59. Qd6+ Ke8
60. Qe6+ Kd8 61. Qd5+ Ke7 62. Qe6+ Kd8 63. Qd5+ Ke7 64. Qb7+ Kd6 65. Qb4+ Kc7
66. Qe7+ Kb6 67. Qd6+ Kb5 68. Qd5+ Kb6 69. Qd6+ {Game drawn by mutual agreement}
1/2-1/2

[Event "Team 45 45 League T59"]
[Site "Internet Chess Club"]
[Date "2013.12.01"]
[Round "2"]
[White "Insan996"]
[Black "Megasus"]
[Result "0-1"]
[WhiteElo "1560"]
[BlackElo "1562"]
[Opening "Queen's pawn game"]
[ECO "A46"]
[Time "22:00:57"]
[TimeControl "2700+45"]

1. d4 Nf6 2. Nf3 d6 3. e3 Bd7 4. Be2 Bc6 5. c4 e6 6. Nc3 a6 7. O-O Bd7 8. e4 h6
9. e5 Nh7 10. Bf4 g5 11. Bg3 Be7 12. Qc2 g4 13. Nd2 h5 14. f3 Bh4 15. Bf4 Nc6
16. exd6 cxd6 17. Nb3 Bg5 18. Bxd6 Be3+ 19. Kh1 Nf6 20. Qd3 Bg5 21. a3 Bc8 22.
c5 Ne7 23. fxg4 Nxg4 24. h3 Nf5 25. hxg4 hxg4+ 26. Kg1 Nxd6 27. cxd6 Qxd6 28. g3
f5 29. Bxg4 Qc6 30. Bf3 Qc7 31. Ne2 Bd7 32. Rac1 Qd6 33. Rc2 Bb5 34. Qd1 Bxe2
35. Qxe2 Qxg3+ 36. Qg2 Be3+ 37. Rcf2 Qh4 38. Qg6+ Kf8 39. Qg2 Rg8 40. Qxg8+ Kxg8
41. Kg2 Kf7 42. Bd1 Rg8+ 43. Kf3 Rg3+ 44. Ke2 Bxf2 45. Rxf2 Qg4+ 46. Ke1 Rg1+
47. Rf1 Rxf1+ 48. Kxf1 Qxd1+ {White resigns} 0-1

[Event "Team 45 45 League T59"]
[Site "Internet Chess Club"]
[Date "2013.11.30"]
[Round "2"]
[White "portis2"]
[Black "mugurelt"]
[Result "1/2-1/2"]
[WhiteElo "1572"]
[BlackElo "1750"]
[Opening "Queen's Indian: 4.g3 Bb7"]
[ECO "E15"]
[Time "15:30:19"]
[TimeControl "2700+45"]

1. d4 Nf6 2. Nf3 e6 3. c4 b6 4. g3 Bb7 5. Bg2 c5 6. O-O cxd4 7. Bg5 h6 8. Bf4 d6
9. Na3 e5 10. Bc1 Be7 11. Nc2 a5 12. Na3 Na6 13. Qa4+ Qd7 14. Qb3 Qd8 15. Qa4+
Qd7 16. Qb3 Qd8 {Game drawn by mutual agreement} 1/2-1/2

[Event "Team 45 45 League T59"]
[Site "Internet Chess Club"]
[Date "2013.11.28"]
[Round "2"]
[White "noblitz-oblige"]
[Black "Schachteufel"]
[Result "1-0"]
[WhiteElo "1649"]
[BlackElo "1666"]
[Opening "Giuoco Piano: four knights variation"]
[ECO "C55"]
[Time "08:00:10"]
[TimeControl "2700+45"]

1. e4 e5 2. Nf3 Nc6 3. Bc4 Nf6 4. Nc3 Bc5 5. O-O d6 6. h3 a6 7. d3 Be6 8. Bg5
Qd7 9. a3 Ba7 10. b4 Nd4 11. Rb1 Nh5 12. Nxe5 dxe5 13. Qxh5 Nxc2 14. Bxe6 Qxe6
15. Rbc1 Nxa3 16. Nd5 Nb5 17. Rxc7 O-O 18. Re7 Qd6 19. Rd7 Qxd7 20. Nf6+ gxf6
21. Bxf6 Qe6 22. Qg5# {Black checkmated} 1-0

[Event "Team 45 45 League T59"]
[Site "Internet Chess Club"]
[Date "2013.11.29"]
[Round "2"]
[White "herrahuu"]
[Black "RD1974"]
[Result "0-1"]
[WhiteElo "1496"]
[BlackElo "1690"]
[Opening "Dutch: Staunton gambit deferred"]
[ECO "A40"]
[Time "13:01:35"]
[TimeControl "2700+45"]

1. d4 e6 2. c4 f5 3. e4 d5 4. e5 Ne7 5. f4 c6 6. Nf3 Ng6 7. Nc3 Be7 8. Be2 b6 9.
O-O Bb7 10. Ng5 Qd7 11. g4 Bxg5 12. gxf5 Nxf4 13. Bxf4 Bxf4 14. Rxf4 O-O 15.
fxe6 Qxe6 16. Bg4 Qg6 17. Rxf8+ Kxf8 18. Kh1 Na6 19. Qf3+ Qf7 20. Qxf7+ Kxf7 21.
e6+ Ke7 22. Rf1 Rf8 23. Rxf8 Kxf8 24. cxd5 cxd5 25. Nb5 Nb4 26. Nd6 Ba6 27. a3
Nc2 28. Nf5 g6 29. Nh6 Nxd4 30. Nf7 Ke7 31. Ng5 h6 32. Nh7 Nxe6 33. Bxe6 Kxe6
34. Nf8+ Kf5 35. Kg1 d4 36. Kf2 d3 37. Ke1 g5 38. Kd2 h5 39. b4 Bb5 40. Nh7 g4
{White resigns} 0-1

[Event "Team 45 45 League T59"]
[Site "Internet Chess Club"]
[Date "2013.12.01"]
[Round "2"]
[White "pmxpp"]
[Black "Berke"]
[Result "1/2-1/2"]
[WhiteElo "1390"]
[BlackElo "1493"]
[Opening "Dutch: classical variation"]
[ECO "A96"]
[Time "14:33:37"]
[TimeControl "2700+45"]

1. d4 f5 2. g3 e6 3. c4 Nf6 4. Bg2 Be7 5. Nf3 d6 6. O-O O-O 7. Nc3 a5 8. b3 Qe8
9. Bb2 Qh5 10. e3 Kh8 11. Ne2 Ne4 12. Nf4 Qf7 13. Nd2 Nxd2 14. Qxd2 Bf6 15. Nd3
Nd7 16. Rfc1 Rd8 {Game drawn by mutual agreement} 1/2-1/2

[Event "Team 45 45 League T59"]
[Site "Internet Chess Club"]
[Date "2013.11.28"]
[Round "2"]
[White "JasonModer"]
[Black "amicusUK"]
[Result "1-0"]
[WhiteElo "1601"]
[BlackElo "1655"]
[Opening "QGD: Janowski variation"]
[ECO "D31"]
[Time "09:00:08"]
[TimeControl "2700+45"]

1. d4 e6 2. c4 d5 3. Nc3 a6 4. Nf3 dxc4 5. e4 b5 6. a3 Bb7 7. Bf4 Bd6 8. Bg3
Bxg3 9. hxg3 Nd7 10. Qc2 g6 11. O-O-O Nb6 12. d5 exd5 13. exd5 Ne7 14. Qe4 Qd6
15. Qd4 O-O-O 16. Ne5 Rdf8 17. Nxf7 {Black resigns} 1-0

[Event "Team 45 45 League T59"]
[Site "Internet Chess Club"]
[Date "2013.12.02"]
[Round "2"]
[White "losscause"]
[Black "Nxs123"]
[Result "1/2-1/2"]
[WhiteElo "1610"]
[BlackElo "1557"]
[Opening "QGD Slav: Breyer variation"]
[ECO "D02"]
[Time "17:31:48"]
[TimeControl "2700+45"]

1. Nf3 Nf6 2. d4 d5 3. Nbd2 c6 4. c4 Bf5 5. e3 e6 6. cxd5 exd5 7. Be2 Nbd7 8.
O-O Bd6 9. Re1 O-O 10. Nh4 Bg6 11. Nxg6 hxg6 12. Bf3 Qc7 13. h3 Rae8 14. e4 dxe4
15. Nxe4 Nxe4 16. Rxe4 Rxe4 17. Bxe4 Re8 18. Bd3 Nf6 19. Be3 Nd5 20. Bd2 Qb6 21.
Bc3 Nxc3 22. bxc3 Qa5 23. Qb3 Qa3 24. Kf1 Qxb3 25. axb3 a6 {Game drawn by mutual
agreement} 1/2-1/2

[Event "Team 45 45 League T59"]
[Site "Internet Chess Club"]
[Date "2013.12.01"]
[Round "2"]
[White "Littlemon"]
[Black "stanbeers"]
[Result "1-0"]
[WhiteElo "1451"]
[BlackElo "1490"]
[Opening "Nimzo-Indian: e3, Hübner variation"]
[ECO "E41"]
[Time "19:46:05"]
[TimeControl "2700+45"]

1. d4 Nf6 2. c4 e6 3. Nc3 Bb4 4. e3 c5 5. Nf3 Nc6 6. Bd3 Bxc3+ 7. bxc3 d6 8. O-O
e5 9. Bc2 e4 10. Nd2 Bg4 11. f3 exf3 12. Nxf3 O-O 13. Qd3 Ne7 14. Nh4 Ng6 15.
Nf5 Bxf5 16. Qxf5 Qa5 17. Bd2 Rad8 18. Qf3 Qc7 19. Rab1 b6 20. Be1 cxd4 21. cxd4
Qxc4 22. Bb3 Qc7 23. Bg3 Qd7 24. Rbc1 d5 25. Rc7 Qb5 26. Rxa7 h6 27. Rc7 Rd7 28.
Rfc1 Rfd8 29. Rc8 Ne4 30. Be1 Nf6 31. Qd1 Qa6 32. Qc2 Ng4 33. Rxd8+ Rxd8 34. Qc3
Qe2 35. Bd1 Qxe3+ 36. Qxe3 Nxe3 37. Bf3 Ra8 38. Bf2 Re8 39. Re1 Ra8 40. Bxe3
Rxa2 41. Bxd5 Ra5 42. Bf3 Nh4 43. Bc6 Nf5 44. d5 Nxe3 45. Rxe3 Ra1+ 46. Kf2 Rd1
47. h3 b5 48. Rb3 Rd2+ 49. Kg3 Kf8 50. Rxb5 Ke7 51. Rb7+ Kf6 52. Rb3 g5 53. Rf3+
Ke7 54. Rf2 Rd4 55. Kf3 f5 56. Ke3 Re4+ 57. Kd3 Re5 58. Re2 Rxe2 59. Kxe2 Kd6
60. Kf3 Ke5 61. g3 h5 62. h4 g4+ 63. Ke3 f4+ 64. gxf4+ Kf5 65. Kf2 Kf6 66. Kg3
Ke7 67. d6+ Kxd6 68. Be8 Ke7 69. Bxh5 Kf6 70. Bxg4 Kg6 71. h5+ Kh6 72. Be2 Kg7
73. Kg4 Kf6 74. f5 Kg7 75. Kg5 Kh7 76. f6 Kg8 77. Kg6 {Black resigns} 1-0

[Event "Team 45 45 League T59"]
[Site "Internet Chess Club"]
[Date "2013.11.26"]
[Round "2"]
[White "xwang1"]
[Black "MisterDoob"]
[Result "0-1"]
[WhiteElo "2105"]
[BlackElo "2304"]
[Opening "French: Tarrasch, closed variation"]
[ECO "C05"]
[Time "22:33:50"]
[TimeControl "2700+45"]

1. e4 e6 2. d4 d5 3. Nd2 Nf6 4. e5 Nfd7 5. Ngf3 c5 6. c3 Be7 7. Bd3 b6 8. Qe2
cxd4 9. cxd4 a5 10. O-O Ba6 11. Ne1 O-O 12. Ndf3 f5 13. exf6 Rxf6 14. Ng5 Nf8
15. Bxa6 Nxa6 16. Nd3 h6 17. Nf3 Nb4 18. a3 Nxd3 19. Qxd3 Bd6 20. Bd2 Rc8 21.
Rac1 Rf7 22. Bc3 Rfc7 23. g3 Nd7 24. Rce1 Qe7 25. Bd2 Nf6 26. Qg6 Qf7 27. Qxf7+
Kxf7 28. Rc1 Rc2 29. Bc3 Rxc1 30. Rxc1 Ne4 31. Ne5+ Bxe5 32. dxe5 d4 33. Bd2
Rxc1+ 34. Bxc1 d3 {White resigns} 0-1

[Event "Team 45 45 League T59"]
[Site "Internet Chess Club"]
[Date "2013.11.30"]
[Round "2"]
[White "santiagoelawad"]
[Black "Greedy-Reedy"]
[Result "1-0"]
[WhiteElo "1939"]
[BlackElo "1986"]
[Opening "Benko's opening"]
[ECO "A00"]
[Time "15:14:31"]
[TimeControl "2700+45"]

1. g3 g6 2. Bg2 Bg7 3. Nf3 d6 4. O-O e5 5. c4 c6 6. Nc3 Be6 7. b3 Qc8 8. Ne4 Qc7
9. Ba3 c5 10. e3 f5 11. Neg5 Bd7 12. d4 e4 13. Ne1 Nc6 14. dxc5 h6 15. Nh3 dxc5
16. Nf4 Nge7 17. Rb1 Qa5 18. Nc2 O-O-O 19. Qd6 g5 20. Nd5 Nxd5 21. cxd5 Bf8 22.
Qf6 Be7 23. Qg7 Rdg8 24. Qb2 Nb4 25. Bxb4 cxb4 26. Rbc1 Kd8 27. Rfd1 Rf8 28. Qe5
Bf6 29. Qb8+ Ke7 30. Qxb7 Rb8 31. d6+ Ke6 32. Qc7 Qxc7 33. dxc7 Rb7 34. Nd4+
Bxd4 35. Rxd4 Rc8 36. g4 Rbxc7 37. gxf5+ Ke5 38. Rxc7 Rxc7 39. Bxe4 a5 40. Kg2
Bc6 41. Bxc6 Rxc6 42. a3 bxa3 43. Ra4 Rc5 44. Rxa3 Kxf5 45. Kg3 h5 46. h4 g4 47.
Ra4 Rb5 48. Rf4+ Ke5 49. Rf8 Rxb3 50. Rh8 a4 51. Rxh5+ Kd6 52. Kxg4 a3 53. Ra5
Kc6 54. h5 Kb6 55. Ra8 Rb4+ 56. f4 Rb3 57. h6 Kb7 58. Ra4 Rxe3 59. h7 {Black
resigns} 1-0

[Event "Team 45 45 League T59"]
[Site "Internet Chess Club"]
[Date "2013.12.03"]
[Round "2"]
[White "BuddyT"]
[Black "arhrid"]
[Result "1-0"]
[WhiteElo "1908"]
[BlackElo "1780"]
[Opening "King's Indian, 3.Nf3"]
[ECO "E61"]
[Time "22:05:36"]
[TimeControl "2700+45"]

1. d4 Nf6 2. Nf3 g6 3. c4 Bg7 4. Nc3 O-O 5. Bg5 d6 6. e3 Nbd7 7. Be2 b6 8. Qc2
Bb7 9. h3 h6 10. Bh4 c5 11. d5 a6 12. a4 Ne8 13. e4 Nc7 14. O-O Ne5 15. Nd2 g5
16. Bg3 e6 17. f4 gxf4 18. Bxf4 exd5 19. exd5 Ng6 20. Be3 Qe7 21. Rf3 b5 22.
axb5 axb5 23. Rxa8 Rxa8 24. b3 bxc4 25. bxc4 Qe5 26. Bf2 Ra3 27. Nce4 Ra1+ 28.
Bf1 f5 29. Ng3 Nh4 30. Re3 Qb2 31. Qxb2 Bxb2 32. Rb3 f4 33. Nge4 Bd4 34. Rxb7
Ne8 35. Bxd4 cxd4 36. Kf2 Nf5 37. Kf3 Ne3 38. Bd3 Rg1 39. Kxf4 Rxg2 40. Nf3 Ng7
41. Nxd4 Nd1 42. Rb8+ Kf7 43. Nxd6+ Ke7 44. N6f5+ Nxf5 45. Nxf5+ Kf7 46. Nxh6+
Ke7 47. Nf5+ Kd7 48. Rb7+ Kc8 49. Nd6+ Kd8 50. Bf5 Rf2+ 51. Kg3 Rxf5 52. Nxf5
Nc3 53. d6 Ne4+ 54. Kf4 Nc5 55. Ra7 Ne6+ 56. Ke5 Nc5 57. Kd5 Nd3 58. c5 Nf4+ 59.
Kc6 Ke8 60. d7+ Kf7 61. d8=Q+ Kg6 62. Nh4+ Kh5 63. Rh7# {Black checkmated} 1-0

[Event "Team 45 45 League T59"]
[Site "Internet Chess Club"]
[Date "2013.11.29"]
[Round "2"]
[White "Pomberito"]
[Black "chess9793"]
[Result "1/2-1/2"]
[WhiteElo "2107"]
[BlackElo "2096"]
[Opening "Grünfeld: 5.Bg5"]
[ECO "D91"]
[Time "17:01:03"]
[TimeControl "2700+45"]

1. d4 Nf6 2. c4 g6 3. Nc3 d5 4. Nf3 Bg7 5. Bg5 Ne4 6. cxd5 Nxg5 7. Nxg5 e6 8.
Nf3 exd5 9. e3 O-O 10. b4 c6 11. Be2 Be6 12. O-O Nd7 13. Rc1 a6 14. a4 Qe7 15.
Qd2 Qxb4 16. Rb1 Qa5 17. Rxb7 Nc5 18. Rbb1 Bf5 19. Rb2 Nxa4 20. Nxa4 Qxa4 21.
Ra2 Qb3 22. Rfa1 Rfb8 23. Rxa6 Rxa6 24. Rxa6 c5 25. dxc5 Bc3 26. Qc1 Qb1 27. Qf1
Qxf1+ 28. Bxf1 Rb1 29. Ra8+ Kg7 30. h3 Bd3 31. Nh2 Be5 32. g3 Rc1 33. Rd8 Bxf1
34. Nxf1 Rxc5 35. Nd2 Bf6 36. Rd7 Rc1+ 37. Kg2 Rd1 38. Nf3 h5 39. g4 hxg4 40.
hxg4 g5 41. e4 Kf8 42. Rxd5 Rxd5 43. exd5 Ke7 44. Nd2 Kd6 45. Ne4+ Ke5 46. Kf3
Bd8 47. d6 f5 48. gxf5 g4+ 49. Kxg4 {Game drawn by mutual agreement} 1/2-1/2

[Event "Team 45 45 League T59"]
[Site "Internet Chess Club"]
[Date "2013.12.01"]
[Round "2"]
[White "chessfan"]
[Black "Ianjo"]
[Result "0-1"]
[WhiteElo "1839"]
[BlackElo "1879"]
[Opening "French: advance, Wade variation"]
[ECO "C02"]
[Time "17:00:17"]
[TimeControl "2700+45"]

1. e4 e6 2. d4 d5 3. e5 c5 4. c3 Bd7 5. Nf3 Qb6 6. Bd3 Bb5 7. dxc5 Bxc5 8. O-O
Nc6 9. Bxb5 Qxb5 10. b4 Be7 11. Be3 Nh6 12. a4 Qc4 13. Na3 Qg4 14. Nb5 O-O 15.
Bxh6 gxh6 16. Nbd4 Rac8 17. Rc1 Nxd4 18. Qxd4 Qxd4 19. Nxd4 Rc4 20. Nb5 Rfc8 21.
Nxa7 Ra8 22. Nb5 Rxa4 23. Ra1 Rxa1 24. Rxa1 d4 25. Nxd4 Rxc3 26. b5 Bc5 27. Ne2
Rb3 28. Nf4 Rxb5 29. Nh5 f5 30. exf6 Kf7 31. g4 Rb2 32. Rd1 e5 33. Rd7+ Ke6 34.
Rxh7 Rxf2 35. Kh1 b5 36. Rxh6 b4 37. Ng7+ Kf7 38. Nh5 b3 39. Rh7+ Ke6 40. Rb7 b2
41. Ng3 Rc2 42. Ne4 Ba3 43. f7 Rc1+ 44. Kg2 b1=Q 45. Ng5+ Kf6 46. Nh7+ Qxh7 47.
f8=Q+ Bxf8 48. Rxh7 e4 49. Rh8 Bc5 50. h4 Rg1+ 51. Kh3 e3 52. g5+ Kf7 53. Rh7+
Kg8 54. Rh6 e2 55. Re6 e1=Q {White resigns} 0-1

[Event "Team 45 45 League T59"]
[Site "Internet Chess Club"]
[Date "2013.11.29"]
[Round "2"]
[White "Heian"]
[Black "leland"]
[Result "0-1"]
[WhiteElo "1820"]
[BlackElo "1909"]
[Opening "French: exchange variation"]
[ECO "C01"]
[Time "16:06:48"]
[TimeControl "2700+45"]

1. e4 e6 2. d4 d5 3. exd5 exd5 4. Nf3 Bd6 5. Be2 c6 6. O-O Nf6 7. Ne5 Bf5 8. c3
O-O 9. Kh1 Qc7 10. f4 c5 11. Na3 a6 12. Nc2 Bxc2 13. Qxc2 cxd4 14. Ng4 Nbd7 15.
Bd2 dxc3 16. Bxc3 d4 17. Qf5 dxc3 18. bxc3 Qc5 19. Nxf6+ Nxf6 20. Qh3 Rfe8 21.
Bd3 Re3 22. Rf3 Rae8 23. c4 Qd4 24. Rd1 Qxd3 {White resigns} 0-1

[Event "Team 45 45 League T59"]
[Site "Internet Chess Club"]
[Date "2013.12.01"]
[Round "2"]
[White "LiangLiang"]
[Black "isolani"]
[Result "0-1"]
[WhiteElo "1684"]
[BlackElo "1577"]
[Opening "Philidor: Improved Hanham variation"]
[ECO "C41"]
[Time "17:00:58"]
[TimeControl "2700+45"]

1. e4 e5 2. Nf3 d6 3. d4 Nf6 4. Nc3 Nbd7 5. Bg5 Be7 6. Bc4 O-O 7. Qd2 c6 8. h4
b5 9. Bd3 Qc7 10. a3 Re8 11. d5 a6 12. Bxf6 Nxf6 13. Ng5 cxd5 14. Nxd5 Nxd5 15.
exd5 Bxg5 16. hxg5 e4 17. Be2 Bf5 18. Qf4 Bg6 19. Bh5 e3 20. Bxg6 exf2+ 21. Kf1
fxg6 22. Qh4 Qxc2 23. Qxh7+ Kf7 {White resigns} 0-1

[Event "Team 45 45 League T59"]
[Site "Internet Chess Club"]
[Date "2013.12.01"]
[Round "2"]
[White "koni"]
[Black "Otelo"]
[Result "1-0"]
[WhiteElo "1911"]
[BlackElo "1800"]
[Opening "Pirc: classical (two knights) system"]
[ECO "A48"]
[Time "10:05:16"]
[TimeControl "2700+45"]

1. d4 Nf6 2. Nf3 g6 3. Nc3 Bg7 4. e4 d6 5. Be3 Nbd7 6. Qd2 Ng4 7. Bg5 f6 8. Bh4
Nb6 9. h3 Nh6 10. Bd3 Nf7 11. O-O-O Bh6 12. Bg5 Nxg5 13. Kb1 Nf7 14. Qe2 c6 15.
e5 O-O 16. e6 Ng5 17. Nxg5 fxg5 18. h4 Rf6 19. h5 Rxe6 20. Qf3 Rf6 21. Qg3 Qf8
22. hxg6 hxg6 23. Rh2 Bf5 24. Rdh1 Bg7 25. Ne4 Bxe4 26. Bxe4 Rxf2 27. Qd3 Qf4
28. Bxg6 Rf8 29. Rh8+ Bxh8 30. Bh7+ Kf7 31. Qg6# {Black checkmated} 1-0